 Dungeon Crawl Stone Soup version 0.19-a0-790-ge39e1af (webtiles) character file.

25 vatarom the Skirmisher (level 3, 29/30 HPs)
             Began as a Formicid Fighter on June 26, 2016.
             Quit the game on level 1 of the Dungeon.
             The game lasted 00:01:23 (837 turns).

vatarom the Skirmisher (Formicid Fighter)            Turns: 837, Time: 00:01:24

Health: 29/30      AC:  4    Str: 20    XL:     3   Next: 17%
Magic:  3/3        EV:  7    Int: 13    God:
Gold:   78         SH:  9    Dex:  8    Spells: 0 memorised, 2 levels left

rFire  . . .     SeeInvis +     a - +0 quarterstaff
rCold  . . .     Gourm    .     b - +0 scale mail
rNeg   . . .     Faith    .     c - +0 shield
rPois  +         Spirit   .     (helmet unavailable)
rElec  .         Dismiss  .     (no cloak)
rCorr  .         Reflect  .     (no gloves)
SustAt +         Harm     .     (no boots)
MR     .....                    (no amulet)
Stlth  ..........               (no ring)
                                h - ring of sustain attributes

@: brilliant, not resistant to hostile enchantments, extremely unstealthy
A: permanent stasis, dig shafts and tunnels, four strong arms, antennae 3,
rugged brown scales 1, clumsy 1, deformed body, deterioration 1, poison
resistance
a: Dig, Shaft Self


You were on level 1 of the Dungeon.
You were not hungry.

You visited 1 branch of the dungeon, and saw 1 of its levels.

You collected 78 gold pieces.

Inventory:

Hand Weapons
 a - a +0 quarterstaff (weapon)
Armour
 b - a +0 scale mail (worn)
 c - a +0 shield (worn)
Jewellery
 h - a ring of sustain attributes (left hand)
Potions
 d - a potion of might
Comestibles
 f - a bread ration
 g - a beef jerky


   Skills:
 + Level 4.0 Fighting
 + Level 2.6 Staves
 - Level 3.2 Armour
 - Level 3.6 Shields


You had 2 spell levels left.
You didn't know any spells.

Dungeon Overview and Level Annotations

Branches:
Dungeon (1/15)

Altars:


Innate Abilities, Weirdness & Mutations

You are under a permanent stasis effect.
You can dig through walls and to a lower floor.
Your four strong arms can wield two-handed weapons with a shield.
You have a pair of large antennae on your head. (SInv)
You are partially covered in rugged brown scales. (AC +1, +3% HP)
You are clumsy. (Dex -2)
Armour fits poorly on your strangely shaped body.
Your body sometimes deteriorates upon taking damage.
Your system is resistant to poisons. (rPois)


Message History

The hobgoblin hits you but does no damage.
You closely miss the hobgoblin. The hobgoblin hits you with a club.
The hobgoblin hits you but does no damage.
You hit the hobgoblin but do no damage. You block the hobgoblin's attack.
You thump the hobgoblin!
You kill the hobgoblin!
No target in view!
You see here a club.
Key pressed, stopping explore.
j - an emerald potion No target in view!
It was a potion of haste.
Your stasis keeps you stable.
It was a potion of brilliance.
You feel clever all of a sudden.
It was a potion of mutation.
You feel extremely strange.
Rugged brown scales grow over part of your body.
You feel yourself wasting away.
You feel clumsy.
You feel extremely strange.
Your body twists and deforms.
You feel resistant to poisons.
Are you sure you want to abandon this character and quit the game? (Confirm with "yes".)

##.###.#.# #.#
#.# #.#.# #.#
#.# #.#.# ..#
#.###.#.# .##
#.##....# .
##.......#
...##...## #
##.###.##
#######.# ...#
#.# #....@..#
#### #.#
#.#######
######.# #.#
.......# #.#
##### #.# #.#
#.# #.#
############.#


There were no monsters in sight!

Vanquished Creatures
  A dart slug (D:1)
  2 giant geckos (D:1)
  3 bats (D:1)
  A giant cockroach (D:1)
  A goblin (D:1)
  4 hobgoblins (D:1)
  2 jackals (D:1)
  A kobold (D:1)
  A giant newt (D:1)
  A rat (D:1)
17 creatures vanquished.

Notes
Turn   | Place    | Note
--------------------------------------------------------------
     0 | D:1      | vatarom the Formicid Fighter began the quest for the Orb.
     0 | D:1      | Reached XP level 1. HP: 18/18 MP: 1/1
    35 | D:1      | Reached XP level 2. HP: 4/24 MP: 2/2
   528 | D:1      | Reached XP level 3. HP: 23/30 MP: 3/3
   650 | D:1      | Reached skill level 4 in Fighting
   835 | D:1      | Gained mutation: You are partially covered in rugged brown scales. (AC +1, +3% HP) [potion of mutation]
   835 | D:1      | Gained mutation: Your body sometimes deteriorates upon taking damage. [potion of mutation]
   835 | D:1      | Gained mutation: You are clumsy. (Dex -2) [potion of mutation]
   836 | D:1      | Gained mutation: Armour fits poorly on your strangely shaped body. [potion of mutation]
   836 | D:1      | Gained mutation: Your system is resistant to poisons. (rPois) [potion of mutation]
   837 | D:1      | Quit the game

Vault maps used:
D:1:      dpeg_arrival_pond

Skill      XL: |  1  2  3 |
---------------+----------+-----
Fighting       | 4 |  4.0
Staves         | |  2.6
Armour         | |  3.2
Shields        | |  3.6

Action                   || total
-------------------------++-------
Melee: Quarterstaff      ||    54
  Use: Potion            ||     4
       Scroll            ||     3
Armor: Scale mail        ||    21
Dodge: Dodged            ||    17
Block: Shield            ||    20
